 Dungeon Crawl Stone Soup version 0.29.0-4-gdea44cf6ec (webtiles) character file.

Game seed: 5215438666902387241

975 qw the Chopper (level 8, -6/60 HPs)
             Began as a Formicid Cinder Acolyte on Sept 4, 2022.
             Was a Priest of Ignis.
             Mangled by a two-headed ogre
             ... wielding a +0 giant club
              (20 damage)
             ... on level 5 of the Dungeon.
             The game lasted 00:02:20 (4182 turns).

qw the Chopper (Formicid Cinder Acolyte)            Turns: 4182, Time: 00:02:20

Health: -6/60      AC: 17    Str: 20    XL:     8   Next: 39%
Magic:  9/9        EV:  8    Int: 15    God:    Ignis [***...]
Gold:   112        SH:  0    Dex: 13    Spells: 9/9 levels left

rFire   + + .      SeeInvis +   Y - -1 hand axe (flame)
rCold   . . .      Faith    .   (no shield)
rNeg    + . .      Spirit   .   j - +0 chain mail
rPois   .          Reflect  .   (helmet unavailable)
rElec   .          Harm     .   (no cloak)
rCorr   .          Rampage  .   b - +0 pair of gloves of Awe {Fly rN+ Dex+4 Slay-3}
Will    +....                   (no boots)
Stlth   ..........              i - amulet of regeneration
HPRegen 1.00/turn               l - ring of protection from fire
MPRegen 0.11/turn               o - ring of willpower

@: lethally poisoned (-6 -> -31), fiery-armoured, flying
A: permanent stasis, dig shafts and tunnels, antennae 3, four strong arms
a: Dig, Shaft Self, Renounce Religion, Fiery Armour, Foxfire Swarm, Rising Flame


You were on level 5 of the Dungeon.
You worshipped Ignis.
Ignis was most pleased with you.
You visited 1 branch of the dungeon, and saw 5 of its levels.

You collected 175 gold pieces.
You spent 63 gold pieces at shops.


Innate Abilities, Weirdness & Mutations

You cannot be hasted, slowed, berserked, paralysed or teleported.
You can dig through walls and to a lower floor.
You have a pair of large antennae on your head. (SInv)
Your four strong arms can wield two-handed weapons with a shield.


   Skills:
 - Level 4.1 Fighting
 + Level 7.7 Axes
 - Level 2.0 Throwing
 - Level 4.6 Armour
 - Level 1.1 Dodging
 - Level 1.1 Spellcasting
 - Level 3.0 Fire Magic


You had 9 spell levels left.
You didn't know any spells.
Your spell library contained the following spells:

 Spells                   Type           Power      Damage    Failure   Level
 Scorch                   Fire           18%        2d6       71%         2

Inventory:

Hand Weapons
 Y - a -1 hand axe of flaming (weapon)
Missiles
 m - 3 boomerangs (quivered)
Armour
 b - the +0 pair of gloves of Awe (worn) {Fly rN+ Dex+4 Slay-3}
   (You found it on level 2 of the Dungeon)

   Dex:       It affects your dexterity (+4).
   Slay:      It affects your accuracy & damage with ranged weapons and melee
   (-3).
   rN:        It protects you from negative energy.
   Fly:       It grants you flight.
 f - a +0 pair of gloves
 j - a +0 chain mail (worn)
Jewellery
 i - an amulet of regeneration (around neck)
 l - a ring of protection from fire (left hand)
 o - a ring of willpower (right hand)
Scrolls
 a - a scroll of identify
Potions
 c - 2 potions of heal wounds {unknown}
 d - a potion of resistance
 g - a potion of lignification {unknown}
 h - a potion of invisibility {unknown}
 k - a potion of degeneration {unknown}

Dungeon Overview and Level Annotations

Branches:
Dungeon (5/15)
 Temple: D:4-7

Altars:
Hepliaklqana
Wu Jian

Shops:
D:1 [

Annotations:
D:4 1 runed translucent door, Crazy Yiuf, Menkaure
D:5 Edmund


Message History

Edmund is burned by your cloak of flames.
Edmund is lightly wounded.
You barely miss the two-headed ogre.
The two-headed ogre is lightly wounded.
You closely miss Edmund.
You feel very sick.
You barely miss the two-headed ogre. Your punch misses the two-headed ogre.
The two-headed ogre is lightly wounded.
You hit Edmund but do no damage.
You feel sick.
Edmund says, "I'm quite good with sums, too."
Edmund hits you but does no damage. The two-headed ogre barely misses you.
The two-headed ogre hits you with a +0 giant club!
You hit the two-headed ogre. You burn the two-headed ogre.
The two-headed ogre is lightly wounded.
You hit Edmund but do no damage.
You feel sick. Edmund hits you but does no damage.
You are more poisoned.
You hit the two-headed ogre but do no damage.
The two-headed ogre is lightly wounded.
You barely miss Edmund.
You feel very sick.
Edmund hits you with a +1 flail of venom.
You are more poisoned.
Edmund is burned by your cloak of flames.
Edmund is moderately wounded.
The two-headed ogre closely misses you.
The two-headed ogre hits you with a +0 giant club!
The two-headed ogre is burned by your cloak of flames.
The two-headed ogre is lightly wounded.
You hit Edmund. You burn Edmund.
Edmund is moderately wounded.
You hit the two-headed ogre but do no damage.
You feel very sick.
Edmund hits you with a +1 flail of venom!
You are lethally poisoned!
Edmund is burned by your cloak of flames.
Edmund is moderately wounded.
The two-headed ogre hits you with a +0 giant club!!
You die...

#.#....... #.#. .......
#.#. ....... #.#.#......#
#.#.... ...# #.##..###.l#
#######.##....#@O#
......#.##.##../@#######.#
<.....#<#................#
......#.#%.....#.#########
[.....#..%...............
......#..................
......#...#######........
.F......#.# #........
#######.#.# #........
#.#.. +........


You could see a two-headed ogre, Edmund and an iguana.

Vanquished Creatures
  Prince Ribbit (D:5)
  Sigmund (D:2)
  A black bear (D:5)
  A phantom (D:4)
  A necrophage (D:4)
  An orc priest (D:4)
  A hound (D:5)
  A gnoll bouda (D:4)
  Jessica (D:2)
  Ijyb (D:3)
  Natasha (twice) (D:2)
  An orc wizard (D:3)
  Robin (D:2)
  3 gnolls (D:4)
  7 adders
  A worm (D:4)
  7 orcs
  11 ball pythons
  8 endoplasms
  2 giant cockroaches (D:4)
  13 goblins
  6 hobgoblins
  3 quokkas
  4 bats
  A frilled lizard (D:1)
  6 kobolds
  9 rats
95 creatures vanquished.

Notes
Turn   | Place    | Note
-------+----------+-------------------------------------------
     0 | D:1      | qw the Formicid Cinder Acolyte began the quest for the Orb.
     0 | D:1      | Reached XP level 1. HP: 18/18 MP: 2/2
     0 | D:1      | 0 ||| qw: Version: 0.1-a-102-g441f92d
     0 | D:1      | 0 ||| qw: Game counter: 5351
     0 | D:1      | 0 ||| qw: Always use a shield: true
     0 | D:1      | 0 ||| qw: God list: Okawaru
     0 | D:1      | 0 ||| qw: Allow faded altars: false
     0 | D:1      | 0 ||| qw: Do Orc after D:15 true
     0 | D:1      | 0 ||| qw: Do second Lair branch before Depths: true
     0 | D:1      | 0 ||| qw: Lair rune preference: random
     0 | D:1      | 0 ||| qw: Plans: Normal
     0 | D:1      | 0 ||| PLANNING D:1-11
    96 | D:1      | 96 ||| INVOKING Fiery Armour.
   364 | D:1      | 364 ||| Stepping ~*~*~tactically~*~*~ (stealth).
   387 | D:1      | Reached XP level 2. HP: 24/24 MP: 3/3
   520 | D:1      | Found a faded altar of an unknown god.
   532 | D:1      | Found Xoneocex's Armour Boutique.
   583 | D:1      | 583 ||| BUYING +0 chain mail (63 gold).
   583 | D:1      | Bought a +0 chain mail for 63 gold pieces
   583 | D:1      | 583 ||| SHOPLISTING +0 plate armour (322 gold, have 9).
   583 | D:1      | 583 ||| SHOPLISTING +4 chain mail (371 gold, have 9).
   583 | D:1      | 583 ||| SHOPLISTING +4 chain mail of poison resistance (399
                  | gold, have 9).
  1177 | D:1      | 1177 ||| UPGRADING to +0 ring mail.
  1187 | D:1      | 1187 ||| DROPPING +0 robe.
  1188 | D:1      | 1188 ||| UPGRADING to +0 pair of gloves.
  1193 | D:1      | 1193 ||| UPGRADING to +0 chain mail.
  1203 | D:1      | 1203 ||| DROPPING +0 ring mail.
  1204 | D:1      | 1204 ||| UPGRADING to amulet of regeneration.
  1209 | D:1      | 1209 ||| READING 2 scrolls labelled GAREAR OMIMULU.
  1210 | D:1      | 1210 ||| READING scroll labelled VOESKI JOXIURA.
  1211 | D:1      | 1211 ||| DRINKING 2 metallic ruby potions.
  1280 | D:2      | Reached skill level 1 in Armour
  1280 | D:2      | Reached XP level 3. HP: 25/29 MP: 4/4
  1318 | D:2      | Identified the +0 pair of gloves of Awe {Fly rN+ Dex+4
                  | Slay-3}
  1344 | D:2      | 1344 ||| UPGRADING to +0 pair of gloves of Awe {Fly rN+
                  | Dex+4 Slay-3}.
  1354 | D:2      | 1354 ||| Stepping randomly (stuck).
  1355 | D:2      | 1355 ||| Stepping randomly (stuck).
  1356 | D:2      | 1356 ||| Stepping randomly (stuck).
  1357 | D:2      | 1357 ||| Stepping randomly (stuck).
  1358 | D:2      | 1358 ||| Stepping randomly (stuck).
  1359 | D:2      | 1359 ||| Stepping randomly (stuck).
  1360 | D:2      | 1360 ||| Stepping randomly (stuck).
  1367 | D:2      | 1367 ||| Stepping randomly (stuck).
  1368 | D:2      | 1368 ||| Stepping randomly (stuck).
  1369 | D:2      | 1369 ||| Stepping randomly (stuck).
  1370 | D:2      | 1370 ||| Stepping randomly (stuck).
  1371 | D:2      | 1371 ||| Stepping randomly (stuck).
  1372 | D:2      | 1372 ||| Stepping randomly (stuck).
  1373 | D:2      | 1373 ||| Stepping randomly (stuck).
  1374 | D:2      | 1374 ||| Stepping randomly (stuck).
  1375 | D:2      | 1375 ||| Stepping randomly (stuck).
  1376 | D:2      | 1376 ||| Stepping randomly (stuck).
  1377 | D:2      | 1377 ||| Stepping randomly (stuck).
  1378 | D:2      | 1378 ||| Stepping randomly (stuck).
  1379 | D:2      | 1379 ||| Stepping randomly (stuck).
  1380 | D:2      | 1380 ||| Stepping randomly (stuck).
  1381 | D:2      | 1381 ||| Stepping randomly (stuck).
  1382 | D:2      | 1382 ||| Stepping randomly (stuck).
  1383 | D:2      | 1383 ||| Stepping randomly (stuck).
  1384 | D:2      | 1384 ||| Stepping randomly (stuck).
  1385 | D:2      | 1385 ||| Stepping randomly (stuck).
  1386 | D:2      | 1386 ||| Stepping randomly (stuck).
  1387 | D:2      | 1387 ||| Stepping randomly (stuck).
  1388 | D:2      | 1388 ||| Stepping randomly (stuck).
  1389 | D:2      | 1389 ||| Stepping randomly (stuck).
  1403 | D:2      | Reached skill level 4 in Axes
  1403 | D:2      | 1403 ||| Stepping randomly (stuck).
  1404 | D:2      | 1404 ||| Stepping randomly (stuck).
  1405 | D:2      | 1405 ||| Stepping randomly (stuck).
  1406 | D:2      | 1406 ||| Stepping randomly (stuck).
  1407 | D:2      | 1407 ||| Stepping randomly (stuck).
  1408 | D:2      | 1408 ||| Stepping randomly (stuck).
  1410 | D:2      | 1410 ||| Stepping randomly (stuck).
  1411 | D:2      | 1411 ||| Stepping randomly (stuck).
  1412 | D:2      | 1412 ||| Stepping randomly (stuck).
  1413 | D:2      | 1413 ||| Stepping randomly (stuck).
  1414 | D:2      | 1414 ||| Stepping randomly (stuck).
  1415 | D:2      | 1415 ||| Stepping randomly (stuck).
  1416 | D:2      | 1416 ||| Stepping randomly (stuck).
  1417 | D:2      | 1417 ||| Stepping randomly (stuck).
  1418 | D:2      | 1418 ||| Stepping randomly (stuck).
  1419 | D:2      | 1419 ||| Stepping randomly (stuck).
  1420 | D:2      | 1420 ||| Stepping randomly (stuck).
  1421 | D:2      | 1421 ||| Stepping randomly (stuck).
  1422 | D:2      | 1422 ||| Stepping randomly (stuck).
  1423 | D:2      | 1423 ||| Stepping randomly (stuck).
  1424 | D:2      | 1424 ||| Stepping randomly (stuck).
  1425 | D:2      | 1425 ||| Stepping randomly (stuck).
  1426 | D:2      | 1426 ||| Stepping randomly (stuck).
  1427 | D:2      | 1427 ||| Stepping randomly (stuck).
  1428 | D:2      | 1428 ||| Stepping randomly (stuck).
  1429 | D:2      | 1429 ||| Stepping randomly (stuck).
  1452 | D:2      | Noticed Natasha
  1453 | D:2      | 1453 ||| Stepping ~*~*~tactically~*~*~ (hiding).
  1454 | D:2      | 1454 ||| Stepping ~*~*~tactically~*~*~ (hiding).
  1463 | D:2      | 1463 ||| INVOKING Fiery Armour.
  1466 | D:2      | Killed Natasha
  1467 | D:2      | Reached XP level 4. HP: 22/35 MP: 5/5
  1503 | D:2      | Noticed Robin
  1514 | D:2      | Killed Robin
  1536 | D:2      | 1536 ||| Stepping ~*~*~tactically~*~*~ (stealth).
  1543 | D:2      | Reached skill level 5 in Axes
  1568 | D:2      | 1568 ||| Stepping ~*~*~tactically~*~*~ (stealth).
  1573 | D:2      | Reached XP level 5. HP: 41/41 MP: 6/6
  1648 | D:2      | 1648 ||| Stepping ~*~*~tactically~*~*~ (stealth).
  1649 | D:2      | 1649 ||| Stepping ~*~*~tactically~*~*~ (stealth).
  1667 | D:2      | Noticed Sigmund
  1668 | D:2      | 1668 ||| Stepping ~*~*~tactically~*~*~ (hiding).
  1682 | D:2      | Killed Sigmund
  1683 | D:2      | Reached XP level 6. HP: 42/47 MP: 7/7
  1812 | D:2      | Noticed Jessica
  1819 | D:2      | Killed Jessica
  1831 | D:2      | Reached skill level 1 in Dodging
  2182 | D:2      | Noticed Natasha
  2187 | D:2      | Killed Natasha
  2215 | D:2      | 2215 ||| READING scroll labelled JOELUDODUHESU.
  2216 | D:2      | 2216 ||| READING scroll labelled DANNUU DOILUJ.
  2217 | D:2      | 2217 ||| READING scroll labelled YLEASS PADOPS.
  2252 | D:3      | Noticed Ijyb
  2253 | D:3      | 2253 ||| Stepping ~*~*~tactically~*~*~ (hiding).
  2287 | D:3      | Killed Ijyb
  2288 | D:3      | 2288 ||| FLEEEEING.
  2289 | D:3      | 2289 ||| STAIRDANCE
  2399 | D:3      | Found a hazy altar of Hepliaklqana.
  2560 | D:3      | Reached XP level 7. HP: 52/52 MP: 8/8
  2853 | D:3      | 2853 ||| INVOKING Fiery Armour.
  3202 | D:3      | 3202 ||| UPGRADING to ring of protection from fire.
  3203 | D:3      | 3203 ||| READING scroll labelled UBISSI JIUP.
  3257 | D:4      | Reached skill level 6 in Axes
  3353 | D:4      | 3353 ||| Stepping ~*~*~tactically~*~*~ (stealth).
  3354 | D:4      | 3354 ||| Stepping ~*~*~tactically~*~*~ (stealth).
  3357 | D:4      | 3357 ||| Stepping ~*~*~tactically~*~*~ (hiding).
  3362 | D:4      | 3362 ||| STAIRDANCE
  3375 | D:3      | 3375 ||| DROPPING amulet of the acrobat.
  3379 | D:4      | 3379 ||| STAIRDANCE
  3432 | D:4      | 3432 ||| Stepping ~*~*~tactically~*~*~ (hiding).
  3433 | D:4      | 3433 ||| Stepping ~*~*~tactically~*~*~ (hiding).
  3450 | D:4      | 3450 ||| INVOKING Fiery Armour.
  3525 | D:4      | 3525 ||| Stepping ~*~*~tactically~*~*~ (hiding).
  3555 | D:4      | 3555 ||| Stepping ~*~*~tactically~*~*~ (stealth).
  3599 | D:4      | Found a runed translucent door.
  3600 | D:4      | Noticed Crazy Yiuf
  3600 | D:4      | Noticed Menkaure
  3733 | D:4      | Found an ornate altar of the Wu Jian Council.
  3919 | D:4      | 3919 ||| UPGRADING to ring of willpower.
  3920 | D:4      | 3920 ||| READING scroll labelled XUIMAO BEHO.
  3921 | D:4      | 3921 ||| READING scroll labelled RALUSH ITEYDGHU.
  3922 | D:4      | 3922 ||| READING 2 scrolls of identify.
  3922 | D:4      | 3922 ||| IDENTIFYING lumpy grey potion
  3923 | D:4      | 3923 ||| DROPPING potion of flight.
  3946 | D:5      | Entered Level 5 of the Dungeon
  3976 | D:5      | Noticed Prince Ribbit
  3983 | D:5      | 3983 ||| FLEEEEING.
  3984 | D:5      | 3984 ||| FLEEEEING.
  3988 | D:5      | 3988 ||| STAIRDANCE
  4045 | D:5      | 4045 ||| INVOKING Fiery Armour.
  4047 | D:5      | HP: 11/54 [Prince Ribbit (14)]
  4050 | D:5      | Killed Prince Ribbit
  4051 | D:5      | Reached skill level 7 in Axes
  4051 | D:5      | Reached XP level 8. HP: 11/60 MP: 9/9
  4051 | D:5      | 4051 ||| STAIRDANCE
  4165 | D:5      | Noticed a two-headed ogre
  4167 | D:5      | Noticed Edmund
  4168 | D:5      | 4168 ||| INVOKING Fiery Armour.
  4182 | D:5      | HP: 14/60 [Edmund/+1 flail of venom (8)]
  4182 | D:5      | Mangled by a two-headed ogre

Levels and vault maps discovered:
D:1:      onia_arrival_mini_maze, layout_basic, serial_shops,
          nicolae_shop_stone, hellmonk_ecumenical_altar_pennies_from_heaven
D:2:      layout_rooms, serial_co_window_serial, co_window_corner_a,
          co_window_paths_a, co_window_corner_a, co_window_cross_1,
          co_window_paths_a, co_window_of_opportunity_a, co_window_paths_a,
          co_window_2corner, co_window_corner_ca, co_window_of_opportunity_b,
          co_window_unsneaky_path_d, co_window_sun, glass_columns_b,
          uniq_jessica, uniq_sigmund, uniq_natasha, uniq_robin
D:3:      layout_loops_corners, mainiacjoe_overflow_24_doors, uniq_ijyb
D:4:      layout_cave_pools, nzn_wu_jian_contemplation, uniq_crazy_yiuf_cottage,
          uniq_menkaure
D:5:      layout_basic, zin_treasury, uniq_edmund, uniq_pikel,
          uniq_prince_ribbit1

Skill      XL: |  1  2  3  4  5  6  7  8 |
---------------+-------------------------+-----
Armour         | 1 4 |  4.6
Axes           | 4 5 7 |  7.7
Dodging        | 1 |  1.1
Fighting       | 4 |  4.1
Throwing       | 2 |  2.0
Spellcasting   | |  1.1
Fire Magic     | |  3.0

Action                   |  1- 3 |  4- 6 |  7- 9 || total
-------------------------+-------+-------+-------++-------
Melee: Hand axe          |   101 |   125 |   244 ||   470
       Punch             |     1 |     2 |     2 ||     5
Throw: Boomerang         |       |       |    16 ||    16
Invok: Fiery Armour      |     2 |       |     4 ||     6
  Use: Scroll            |     2 |     3 |     4 ||     9
       Potion            |     1 |       |       ||     1
Armor: Robe              |    31 |       |       ||    31
       Chain mail        |     8 |    78 |   146 ||   232
Dodge: Dodged            |    58 |    53 |    79 ||   190

Table legend:
 A = Non-vault XP
 B = Vault XP
 C = Vault XP percentage of total XP
 D = Non-vault monster count
 E = Vault monster count
 F = Vault count percentage of total count
                 A         B        C        D         E       F
            +---------+---------+-------+---------+---------+-------
      Total |     774 |     619 |  44.4 |      77 |      18 |  18.9
            +---------+---------+-------+---------+---------+-------
        D:1 |      23 |       1 |   4.2 |      16 |       1 |   5.9
        D:2 |     111 |     323 |  74.4 |      18 |      15 |  45.5
        D:3 |      90 |      36 |  28.6 |      17 |       1 |   5.6
        D:4 |     375 |       0 |   0.0 |      23 |       0 |   0.0
        D:5 |     175 |     259 |  59.7 |       3 |       1 |  25.0
            +---------+---------+-------+---------+---------+-------
